AoeStats
← Kaya

Arabia

509781046Analyzed
1v1 RM · 3d ago on Sep 28, 2026· 27m 41s· 2 players
Game mode
Random Map
Map size
Tiny (2 player)
Population
200
Speed
Normal
Resources
Standard
Victory
Conquest
Starting age
Dark Age
Ending age
Imperial Age
RankedLock teamsTeams togetherTeam positionsShared explorationLock speedFull tech treeHidden civsTurbo modeCheats
Victory
Defeat
🇦🇺 Ethiopians · Australia
1043
+16
🇦🇷 Britons · Argentina
1034
-16
Kaya
8:16 Loom
10:17 Feudal Age
15:05 Castle Age
13:33 Double-Bit Axe
15:39 Crossbowman
22:52 Fletching
25:35 Gold Mining
26:18 Bodkin Arrow
Thorag
10:49 Feudal Age
11:28 Double-Bit Axe
11:30 Loom
15:35 Fletching
18:49 Horse Collar
21:29 Gold Mining
24:27 Castle Age
22:50 Padded Archer Armor
22:55 Stone Mining
24:46 Crossbowman
25:34 Thumb Ring
25:29 Bodkin Arrow
25:52 Leather Archer Armor
26:41 Wheelbarrow
Connection lost

Rejoining the realm…

Still unreachable

The connection could not be restored.

Session expired

The server has moved on; the page needs a fresh start.